 Dungeon Crawl Stone Soup version 0.28-a0-1624-g820543e53a (webtiles) character file.

Game seed: 13455166521956973759

11 issech the Cudgeller (level 2, 0/29 HPs)
             Began as a Troll Monk on Jan 23, 2022.
             Slain by a gnoll (2 damage)
             ... on level 1 of the Dungeon.
             The game lasted 00:02:02 (459 turns).

issech the Cudgeller (Troll Monk)                    Turns: 459, Time: 00:02:03

Health: 0/29       AC:  4    Str: 18    XL:     2   Next: 13%
Magic:  1/1        EV: 10    Int:  6    God:
Gold:   17         SH:  0    Dex: 12    Spells: 1/1 levels left

rFire   . . .      SeeInvis .   a - +0 mace
rCold   . . .      Faith    .   (no shield)
rNeg    + . .      Spirit   .   b - +0 robe
rPois   .          Reflect  .   (helmet restricted)
rElec   .          Harm     .   (no cloak)
rCorr   .          Rampage  .   (gloves unavailable)
Will    .....                   (boots unavailable)
Stlth   ++........              (no amulet)
HPRegen 0.89/turn               f - ring of positive energy
MPRegen 0.07/turn               (no ring)

@: no status effects
A: large, unfitting armour, claws 3, regeneration 1, shaggy fur 1, tough skin 1
a: no special abilities


You were on level 1 of the Dungeon.
You visited 1 branch of the dungeon, and saw 1 of its levels.

You collected 17 gold pieces.

Inventory:

Hand Weapons
 a - a +0 mace (weapon)
Missiles
 h - 16 arrows
 j - 15 stones (quivered)
 k - 22 sling bullets
Armour
 b - a +0 robe (worn)
Jewellery
 f - a ring of positive energy (left claw)
Scrolls
 g - a scroll of vulnerability
Potions
 c - 2 potions of might {unknown}
 d - 2 potions of invisibility
 e - a potion of flight {unknown}
 i - a potion of attraction {unknown}
 l - a potion of curing {unknown}


   Skills:
 + Level 2.6 Fighting
 + Level 2.8 Maces & Flails
 + Level 2.6 Dodging
 + Level 1.0 Stealth


You had one spell level left.
You didn't know any spells.
Your spell library was empty.

Dungeon Overview and Level Annotations

Branches:
Dungeon (1/15)

Altars:


Innate Abilities, Weirdness & Mutations

You are too large for most types of armour.
You have claws for hands.
Your natural rate of healing is unusually fast.
You are covered in fur. (AC +1)
You have tough skin. (AC +1)


Message History

As you read the scroll labelled LUAW OHUIPHA, it crumbles to dust.
You feel strangely unstable.
It was a scroll of teleportation.
Your surroundings suddenly seem different.
As you read the scroll labelled FYPETU VOEPU, it crumbles to dust.
It is a scroll of identify.
d - 2 potions of invisibility You see here a bat skeleton.
c - 2 murky emerald potions A gnoll comes into view.
It is wielding a +2 vorpal spear.
The gnoll barely misses you.
You hit the gnoll.
The gnoll is lightly wounded.
The gnoll hits you with a +2 vorpal spear.
You hit the gnoll.
The gnoll is moderately wounded.
The gnoll hits you with a +2 vorpal spear.
The gnoll barely misses you.
You barely miss the gnoll.
The gnoll is moderately wounded.
The gnoll closely misses you.
You hit the gnoll.
The gnoll is severely wounded.
The gnoll closely misses you.
You hit the gnoll.
The gnoll is severely wounded.
The gnoll barely misses you.
You closely miss the gnoll.
The gnoll is severely wounded.
The gnoll hits you with a +2 vorpal spear. x2
You barely miss the gnoll.
The gnoll is severely wounded.
The gnoll hits you with a +2 vorpal spear.
You hit the gnoll but do no damage.
The gnoll is severely wounded.
The gnoll hits you with a +2 vorpal spear!
* * * LOW HITPOINT WARNING * * *
x2 You closely miss the gnoll.
The gnoll is severely wounded.
The gnoll hits you with a +2 vorpal spear.
You die...

#.....>.....# .# #.
####...####.. #.........
##..####.## ##..# #.# ##...#
##.#..# ##
##.#.#.###...###################
#.#.###.##....g@................
##.#.#.###...###################
##.#..# ##
##.#.#################
#.#.................#
#.#.###############.########
#.#.# ##............# #.#.#
######...##.######.# #.#.##
#...........# #.#


You could see a gnoll.

Vanquished Creatures
  3 endoplasms (D:1)
  2 giant cockroaches (D:1)
  A goblin (D:1)
  A hobgoblin (D:1)
  2 bats (D:1)
9 creatures vanquished.

Notes
Turn   | Place    | Note
-------+----------+-------------------------------------------
     0 | D:1      | issech the Troll Monk began the quest for the Orb.
     0 | D:1      | Reached XP level 1. HP: 22/22 MP: 0/0
   359 | D:1      | Reached XP level 2. HP: 23/29 MP: 1/1
   458 | D:1      | HP: 1/29 [gnoll (1)]
   459 | D:1      | Slain by a gnoll

Illustrated notes

Levels and vault maps discovered:
D:1:      nicolae_arrival_washed_ashore, layout_loops_ring,
          shapermc_ecumenical_altar_petra

Action                   || total
-------------------------++-------
Melee: Mace              ||    38
  Use: Scroll            ||     3
 Stab: Sleeping          ||     1
Armor: Robe              ||    10
Dodge: Dodged            ||    25

Table legend: (Time is in decaauts)
 A = Elapsed time spent in this place.
 B = Non-inter-level travel time spent in this place.
 C = Inter-level travel time spent in this place.
 D = Time resting spent in this place.
 E = Time spent auto-exploring this place.
 F = Levels seen in this place.
 G = Mean time per level.
                   A        B        C        D        E       F      G
               +--------+--------+--------+--------+--------+-----+--------+
         Total |    469 |    469 |      0 |     47 |    243 |   1 |  469.0 |
       Dungeon |    469 |    469 |      0 |     47 |    243 |   1 |  469.0 |
               +--------+--------+--------+--------+--------+-----+--------+

Top non-repeatable levels by time:
     D:1: 469 daAuts
